 Dungeon Sprint DCSS version 0.29-a0-887-gcbe080d7e0 (webtiles) character file.

Game seed: 10229747999040478314

22913 mhtbhm the Bludgeoner (level 13, -7/96 HPs)
             Began as a Gargoyle Fighter on July 21, 2022.
             Was an Initiate of Gozag.
             Killed from afar by a frost giant (50 damage)
             ... with a bolt of cold
             ... in the Dungeon (Sprint IX: "|||||||||||||||||||||||||||||").
             The game lasted 00:07:33 (4823 turns).

mhtbhm the Bludgeoner (Gargoyle Fighter)            Turns: 4823, Time: 00:07:35

Health: -7/96      AC: 44    Str: 29    XL:     13   Next: 3%
Magic:  13/13      EV: 13    Int: 11    God:    Gozag
Gold:   6445       SH:  8    Dex:  9    Spells: 12/12 levels left

rFire   . . .      SeeInvis .   a - +2 morningstar (protect)
rCold   . . .      Faith    .   c - +1 buckler {reflect}
rNeg    + . .      Spirit   .   b - +6 chain mail "Vacanat" {Will+}
rPois   ∞          Reflect  +   D - +2 helmet {Int+3}
rElec   +          Harm     .   (no cloak)
rCorr   .          Rampage  .   E - +1 pair of gloves {hurl}
Will    +....      NoTele   +   t - +0 pair of boots
Stlth   ..........              (no amulet)
HPRegen 0.26/turn               n - +3 ring of strength
MPRegen 0.13/turn               o - +2 ring of evasion

@: under a protective aura
A: sickness immunity, AC +9, negative energy resistance 1, electricity
resistance, torment resistance 1, petrification resistance
a: Renounce Religion, Potion Petition, Call Merchant, Bribe Branch


You were in the Dungeon.
You worshipped Gozag.
Gozag was greatly pleased with you.
You visited 1 branch You collected 10455 gold pieces.
You spent 1958 gold pieces at shops.
You paid 2052 gold pieces to Gozag.

Inventory:

Hand Weapons
 a - a +2 morningstar of protection (weapon)
Missiles
 v - a curare-tipped dart (quivered)
Armour
 b - the +6 chain mail "Vacanat" (worn) {Will+}
   (You bought it in a shop in the Dungeon)

   Will:      It increases your willpower.
 c - a +1 buckler of reflection (worn)
 t - a +0 pair of boots (worn)
 D - a +2 helmet of intelligence (worn)
 E - a +1 pair of gloves of hurling (worn)
Jewellery
 n - a +3 ring of strength (left hand)
 o - a +2 ring of evasion (right hand)
 z - a ring of protection from fire
 A - a ring of positive energy
 B - a ring of see invisible
Wands
 y - a wand of light (3)
Scrolls
 j - a scroll of magic mapping
 k - 2 scrolls of amnesia
 l - a scroll of summoning {unknown}
 p - 6 scrolls of enchant armour
 q - 2 scrolls of fear
 r - 2 scrolls of blinking
 w - a scroll of identify {unknown}
 C - 2 scrolls of butterflies
Potions
 d - a potion of invisibility
 e - 7 potions of curing
 f - 6 potions of heal wounds
 g - 2 potions of might
 h - 4 potions of magic
 i - 3 potions of berserk rage
 s - a potion of attraction
 x - a potion of mutation


   Skills:
 + Level 17.3 Fighting
 + Level 20.4 Maces & Flails
 + Level 2.4 Throwing
 + Level 15.8 Armour
 + Level 6.1 Dodging
 + Level 5.8 Stealth
 + Level 14.3 Shields
 + Level 4.6 Evocations


You had 12 spell levels left.
You didn't know any spells.
Your spell library was empty.

Dungeon Overview and Level Annotations

Branches:
Dungeon (1/1)

Altars:
Cheibriados
Dithmenos
Elyvilon
Fedhas
Gozag
Hepliaklqana
Kikubaaqudgha
Makhleb
Nemelex Xobeh
Okawaru
Qazlal
Ru
Sif Muna
Trog
Uskayaw
Vehumet
Wu Jian
Xom
Yredelemnul
Zin
The Shining One
Jiyva
Lugonu

Shops:
D ***[[([


Innate Abilities, Weirdness & Mutations

You are immune to sickness and miasma.
Your stone body is resilient. (AC +9)
You are immune to poison.
You resist negative energy. (rN+)
You are resistant to electric shocks. (rElec)
You are resistant to unholy torment.
You are immune to petrification.


Message History

You are too injured to fight recklessly!
You are too injured to fight recklessly!
You are too injured to fight recklessly!
You are too injured to fight recklessly!
You are too injured to fight recklessly!
You are too injured to fight recklessly!
You are too injured to fight recklessly!
You are too injured to fight recklessly!
You are too injured to fight recklessly!
You are too injured to fight recklessly!
You are too injured to fight recklessly!
You are too injured to fight recklessly!
You are too injured to fight recklessly!
You are too injured to fight recklessly!
You are too injured to fight recklessly!
You are too injured to fight recklessly!
You are too injured to fight recklessly!
You are too injured to fight recklessly!
You are too injured to fight recklessly!
You are too injured to fight recklessly!
You are too injured to fight recklessly!
You are too injured to fight recklessly!
You are too injured to fight recklessly!
You are too injured to fight recklessly!
Unknown command.
You hit the frost giant.
The frost giant is severely wounded.
The ettin is no longer moving slowly.
You bludgeon the frost giant!!
The frost giant is almost dead.
The frost giant casts a spell at you. The bolt of cold misses you.
Unknown command.
You completely miss the frost giant.
The frost giant is almost dead.
The frost giant points at you and mumbles some strange words.
The bolt of cold hits you!!!
Ouch! That really hurt!
You die...
Your body crumbles into a pile of gold.

▓....'..[[....'.[[......)..'.....
▓.▓▓▓▓▓▓▓▓▓▓▓▓▓▓▓▓▓▓▓▓▓▓▓▓▓▓▓▓▓▓▓
▓....)...........................
▓▓▓▓▓▓▓▓▓▓▓▓▓▓▓▓▓▓▓▓▓▓▓▓▓▓▓▓▓▓▓▓▓
▓.........'.....∩)∩.∩.∩...))'...)
▓.▓▓▓▓▓▓▓▓▓▓▓▓▓▓▓▓▓▓▓▓▓▓▓▓▓▓▓▓▓▓▓
▓................................
▓▓▓▓▓▓▓▓▓▓▓▓▓▓▓▓▓▓▓▓▓▓▓▓▓▓▓▓▓▓▓▓▓
+...CC@.....))))'∩∩∩...
▓▓▓▓▓▓▓▓▓▓▓▓▓▓▓▓▓▓▓▓▓▓▓


You could see a frost giant and an ettin (poisoned).

Vanquished Creatures
  2 ettins (D)
  A rakshasa (D)
  2 boulder beetles (D)
  3 ogre magi (D)
  2 centaur warriors (D)
  8 two-headed ogres (D)
  An orc high priest (D)
  A tengu warrior (D)
  2 deep troll earth magi (D)
  Sonja (D)
  A glowing orange brain (D)
  A wizard (D)
  An orc knight (D)
  An orc sorcerer (D)
  2 cyclopes (D)
  3 elephants (D)
  A black mamba (D)
  3 cane toads (D)
  A rime drake (D)
  A komodo dragon (D)
  3 polar bears (D)
  2 blink frogs (D)
  A slime creature (D)
  A wraith (D)
  2 yaks (D)
  A basilisk (D)
  3 water moccasins (D)
  8 orc warriors (D)
  5 black bears (D)
  2 ogres (D)
  2 centaurs (D)
  A wolf (D)
  A gnoll sergeant (D)
  A wight (D)
  A howler monkey (D)
  5 orc priests (D)
  A gnoll bouda (D)
  An iguana (D)
  4 orc wizards (D)
  A hell rat (D)
  An adder (D)
  A white imp (D)
  6 orcs (D)
  2 hobgoblins (D)
  A kobold (shapeshifter) (D)
  A quokka (D)
  A bat (D)
  2 frilled lizards (D)
99 creatures vanquished.

Notes
Turn   | Place    | Note
-------+----------+-------------------------------------------
     0 | D        | mhtbhm the Gargoyle Fighter began the quest for the Orb.
     0 | D        | Reached XP level 1. HP: 14/14 MP: 1/1
    20 | D        | Noticed an iguana
    20 | D        | Noticed a gnoll bouda
    25 | D        | Reached XP level 2. HP: 16/20 MP: 2/2
    37 | D        | Reached skill level 5 in Fighting
    37 | D        | Reached skill level 3 in Maces & Flails
    37 | D        | Reached skill level 5 in Shields
    37 | D        | Reached XP level 3. HP: 26/26 MP: 3/3
    41 | D        | Reached skill level 5 in Armour
    41 | D        | Reached XP level 4. HP: 24/32 MP: 4/4
    51 | D        | Found a snail-covered altar of Cheibriados.
    51 | D        | Found a shadowy altar of Dithmenos.
    51 | D        | Found a white marble altar of Elyvilon.
    51 | D        | Found a blossoming altar of Fedhas.
    51 | D        | Found an opulent altar of Gozag.
    52 | D        | Found a hazy altar of Hepliaklqana.
    53 | D        | Found a viscous altar of Jiyva.
    54 | D        | Found an ancient bone altar of Kikubaaqudgha.
    55 | D        | Found a corrupted altar of Lugonu.
    56 | D        | Found a burning altar of Makhleb.
    57 | D        | Found a sparkling altar of Nemelex Xobeh.
    58 | D        | Found an iron altar of Okawaru.
    59 | D        | Found a stormy altar of Qazlal.
    60 | D        | Found a sacrificial altar of Ru.
    61 | D        | Found a shimmering blue altar of Sif Muna.
    62 | D        | Found a bloodstained altar of Trog.
    63 | D        | Found a hide-covered altar of Uskayaw.
    64 | D        | Found a radiant altar of Vehumet.
    65 | D        | Found an ornate altar of the Wu Jian Council.
    95 | D        | Became a worshipper of Gozag Ym Sagoz the Greedy
   103 | D        | Found a shimmering altar of Xom.
   104 | D        | Found a basalt altar of Yredelemnul.
   105 | D        | Found a glowing silver altar of Zin.
   106 | D        | Found a glowing golden altar of the Shining One.
   153 | D        | Noticed an orc warrior
   153 | D        | Noticed a gnoll sergeant
   153 | D        | Noticed a wraith
   153 | D        | Noticed a yak
   162 | D        | Reached skill level 4 in Maces & Flails
   162 | D        | Reached skill level 1 in Dodging
   173 | D        | Killed a yak
   174 | D        | Reached skill level 6 in Maces & Flails
   174 | D        | Reached XP level 5. HP: 38/38 MP: 5/5
   174 | D        | Reached XP level 6. HP: 44/44 MP: 6/6
   193 | D        | Killed a wraith
   194 | D        | Reached skill level 8 in Maces & Flails
   197 | D        | Reached XP level 7. HP: 38/49 MP: 7/7
   201 | D        | Reached skill level 1 in Evocations
   215 | D        | Reached skill level 9 in Maces & Flails
   331 | D        | Noticed a centaur warrior
   331 | D        | Noticed a cyclops
   331 | D        | Noticed a boulder beetle
   365 | D        | Reached skill level 10 in Maces & Flails
   495 | D        | Killed a cyclops
   496 | D        | Reached skill level 11 in Maces & Flails
   496 | D        | Reached XP level 8. HP: 37/56 MP: 8/8
   623 | D        | Killed a centaur warrior
   624 | D        | Reached skill level 12 in Maces & Flails
   624 | D        | Reached XP level 9. HP: 23/62 MP: 9/9
   625 | D        | HP: 1/62 [boulder beetle (22)]
  1058 | D        | Noticed a cane toad
  1058 | D        | Noticed a cane toad
  1058 | D        | Noticed a black mamba
  1058 | D        | Noticed an elephant
  1061 | D        | Killed a black mamba
  1062 | D        | Reached skill level 10 in Fighting
  1062 | D        | Reached skill level 13 in Maces & Flails
  1068 | D        | Killed a cane toad
  1069 | D        | Reached skill level 10 in Armour
  1069 | D        | Reached skill level 1 in Stealth
  1069 | D        | Reached skill level 10 in Shields
  1070 | D        | Noticed an elephant
  1074 | D        | Killed a cane toad
  1075 | D        | Reached skill level 14 in Maces & Flails
  1085 | D        | Killed an elephant
  1103 | D        | Reached XP level 10. HP: 24/69 MP: 10/10
  1103 | D        | Killed an elephant
  1104 | D        | Reached skill level 15 in Maces & Flails
  1343 | D        | Noticed an elephant
  1343 | D        | Noticed a cane toad
  1350 | D        | Killed a cane toad
  1370 | D        | Reached skill level 16 in Maces & Flails
  1394 | D        | Killed an elephant
  1460 | D        | Reached skill level 17 in Maces & Flails
  1469 | D        | Reached XP level 11. HP: 74/76 MP: 11/11
  1564 | D        | Noticed Sonja
  1578 | D        | Killed Sonja
  1944 | D        | Noticed an orc knight
  1947 | D        | Noticed an orc high priest
  1953 | D        | Noticed an orc sorcerer
  2069 | D        | Killed an orc knight
  2353 | D        | Killed an orc high priest
  2354 | D        | Reached skill level 18 in Maces & Flails
  2354 | D        | Reached skill level 5 in Dodging
  2384 | D        | Paralysed by an orc sorcerer for 5 turns
  2390 | D        | Killed an orc sorcerer
  2563 | D        | Found Dial's Antique Armour Boutique.
  2563 | D        | Noticed a two-headed ogre
  2563 | D        | Noticed a two-headed ogre
  2563 | D        | Noticed a two-headed ogre
  2564 | D        | Noticed an ogre mage
  2568 | D        | Noticed an ogre mage
  2573 | D        | Killed a two-headed ogre
  2574 | D        | Found Jihykhir's General Store.
  2580 | D        | Killed a two-headed ogre
  2804 | D        | Killed a two-headed ogre
  2978 | D        | Killed an ogre mage
  3118 | D        | Paralysed by an ogre mage for 4 turns
  3127 | D        | Killed an ogre mage
  3180 | D        | Noticed a two-headed ogre
  3181 | D        | Found Uqironemp's General Store.
  3182 | D        | Noticed a two-headed ogre
  3183 | D        | Found Lulomixycs's Assorted Antiques.
  3183 | D        | Noticed a two-headed ogre
  3184 | D        | Noticed a two-headed ogre
  3189 | D        | Killed a two-headed ogre
  3190 | D        | Reached skill level 1 in Throwing
  3190 | D        | Reached XP level 12. HP: 64/86 MP: 12/12
  3193 | D        | Killed a two-headed ogre
  3194 | D        | Reached skill level 15 in Fighting
  3194 | D        | Reached skill level 19 in Maces & Flails
  3198 | D        | Killed a two-headed ogre
  3200 | D        | Killed a two-headed ogre
  3201 | D        | Noticed an ogre mage
  3204 | D        | Noticed a two-headed ogre
  3209 | D        | Killed an ogre mage
  3213 | D        | Killed a two-headed ogre
  3484 | D        | Bought a potion of heal wounds for 70 gold pieces
  3488 | D        | Bought a scroll labelled EWKAOR OZXUAS for 21 gold pieces
  3488 | D        | Bought a scroll labelled ROCVUY GASTO for 21 gold pieces
  3490 | D        | Bought a potion of mutation for 96 gold pieces
  3490 | D        | Bought a wand of light (5) for 252 gold pieces
  3504 | D        | Bought a glowing scale mail for 175 gold pieces
  4458 | D        | Bought the +6 chain mail "Vacanat" {Will+} for 753 gold
                  | pieces
  4467 | D        | Bought a glowing helmet for 285 gold pieces
  4467 | D        | Bought a pair of embroidered gloves for 285 gold pieces
  4491 | D        | Noticed a tengu warrior
  4491 | D        | Noticed a rakshasa
  4491 | D        | Noticed a centaur warrior
  4492 | D        | Noticed a boulder beetle
  4501 | D        | Noticed a boulder beetle
  4508 | D        | Killed a centaur warrior
  4509 | D        | Noticed a deep troll earth mage
  4512 | D        | Noticed a deep troll earth mage
  4518 | D        | Killed a rakshasa
  4519 | D        | Reached skill level 15 in Armour
  4525 | D        | Killed a tengu warrior
  4529 | D        | Noticed an ettin
  4533 | D        | Killed a deep troll earth mage
  4539 | D        | Killed a deep troll earth mage
  4548 | D        | Killed a boulder beetle
  4549 | D        | Reached skill level 20 in Maces & Flails
  4549 | D        | Reached skill level 5 in Stealth
  4553 | D        | Killed an ettin
  4559 | D        | Noticed an ettin
  4576 | D        | Killed a boulder beetle
  4583 | D        | Killed an ettin
  4584 | D        | Reached XP level 13. HP: 31/96 MP: 13/13
  4807 | D        | Noticed an ettin
  4807 | D        | Noticed a frost giant
  4823 | D        | Killed from afar by a frost giant

Illustrated notes

Levels and vault maps discovered:
D:        linesprint [early_d, line_temple, items_1, d_10, items_2, lair_1,
          lair_end, items_3, orc_1, orc_end, items_4, d_15, swamp_1, shoals_1,
          snake_1, spider_1, d_20, vaults_1, items_5, swamp_end, shoals_end,
          snake_end, spider_end, vaults_end, d_27, items_6, zot_1, zot_end,
          crypt_end, forest_end, elf_end, slime_end, tomb_end, abyss_end,
          pan_hell_end]

Skill      XL: |  1  2  3  4  5  6  7  8  9 10 11 12 |
---------------+-------------------------------------+-----
Fighting       | 4 5 7 8 9 11 12 14 17 | 17.3
Armour         | 4 5 7 8 9 10 11 13 15 | 15.8
Shields        | 4 5 7 8 9 10 11 13 14 | 14.3
Maces & Flails | 3 6 8 11 12 14 17 18 20 | 20.4
Dodging        | 1 2 3 4 5 6 |  6.1
Evocations     | 2 3 4 |  4.6
Stealth        | 1 2 3 5 |  5.8
Throwing       | 1 2 |  2.4

Action                   |  1- 3 |  4- 6 |  7- 9 | 10-12 | 13-15 || total
-------------------------+-------+-------+-------+-------+-------++-------
Melee: Flail             |    28 |     4 |       |       |       ||    32
       Morningstar       |       |    29 |    94 |   333 |    12 ||   468
Throw: Dart              |       |       |       |     6 |     1 ||     7
Invok: Call Merchant     |       |       |       |     3 |       ||     3
Evoke: Wand              |       |     4 |     4 |     4 |       ||    12
  Use: Potion            |     2 |     2 |     1 |     1 |       ||     6
       Scroll            |       |       |     2 |     1 |       ||     3
 Stab: Distracted        |       |       |       |     3 |       ||     3
       Invisible         |       |       |       |     1 |       ||     1
Armor: Scale mail        |     8 |     1 |       |       |       ||     9
       Chain mail        |       |    11 |    38 |   128 |       ||   177
Dodge: Dodged            |    13 |    12 |    26 |    82 |     4 ||   137
Block: Buckler           |     8 |    11 |    18 |    64 |       ||   101
       Reflection        |       |       |       |     1 |       ||     1

Table legend: (Time is in decaauts)
 A = Elapsed time spent in this place.
 B = Non-inter-level travel time spent in this place.
 C = Inter-level travel time spent in this place.
 D = Time resting spent in this place.
 E = Time spent auto-exploring this place.
 F = Levels seen in this place.
 G = Mean time per level.
                   A        B        C        D        E       F      G
               +--------+--------+--------+--------+--------+-----+--------+
         Total |   4722 |   4456 |    266 |    925 |   1968 |   1 | 4722.0 |
       Dungeon |   4722 |   4456 |    266 |    925 |   1968 |   1 | 4722.0 |
               +--------+--------+--------+--------+--------+-----+--------+

Top non-repeatable levels by time:
       D: 4722 daAuts
